 Dungeon Crawl Stone Soup version 0.28-a0-823-gb444dcf96d (webtiles) character file.

Game seed: 5527774699994231537

30 Crownlay the Chopper (level 3, -1/31 HPs)
             Began as a Hill Orc Fighter on Nov 9, 2021.
             Killed from afar by Sigmund (3 damage)
             ... with a puff of flame
             ... on level 2 of the Dungeon.
             The game lasted 00:01:08 (1411 turns).

Crownlay the Chopper (Hill Orc Fighter)             Turns: 1411, Time: 00:01:09

Health: -1/31      AC:  8    Str: 19    XL:     3   Next: 18%
Magic:  3/3        EV:  9    Int:  8    God:
Gold:   46         SH:  4    Dex: 10    Spells: 2/2 levels left

rFire   . . .      SeeInvis .   a - +0 war axe
rCold   . . .      Faith    .   c - +0 buckler
rNeg    . . .      Spirit   .   b - +0 scale mail
rPois   .          Reflect  .   (no helmet)
rElec   .          Harm     .   f - +0 cloak
rCorr   .          Rampage  .   (no gloves)
Will    .....                   (no boots)
Stlth   ..........              (no amulet)
HPRegen 0.10/turn               (no ring)
MPRegen 0.08/turn               (no ring)

@: mighty
A: no striking features
a: no special abilities


You were on level 2 of the Dungeon.
You visited 1 branch of the dungeon, and saw 2 of its levels.

You collected 46 gold pieces.

Inventory:

Hand Weapons
 a - a +0 war axe (weapon)
Armour
 b - a +0 scale mail (worn)
 c - a +0 buckler (worn)
 f - a +0 cloak (worn)
Jewellery
 e - a ring of fire
Scrolls
 g - 3 scrolls of identify {unknown}
 j - 3 scrolls of enchant armour {unknown}
 n - a scroll of teleportation {unknown}
Potions
 h - a potion of curing {unknown}
 i - a potion of invisibility {unknown}
 k - a potion of berserk rage {unknown}
 l - a potion of heal wounds {unknown}
 m - a potion of lignification {unknown}


   Skills:
 - Level 3.6 Fighting
 * Level 4.2 Axes
 - Level 3.2 Armour
 + Level 3.7 Shields


You had 2 spell levels left.
You didn't know any spells.
Your spell library contained the following spells:

 Spells                   Type           Power      Damage    Failure   Level
 Call Canine Familiar     Summ           0%         N/A       98%         3
 Portal Projectile        Hex/Tloc       0%         N/A       98%         3
 Leda's Liquefaction      Hex/Erth       0%         N/A       100%        4


Dungeon Overview and Level Annotations

Branches:
Dungeon (2/15)

Altars:

Annotations:
D:2 Sigmund


Message History

There is a stone staircase leading down here.
You climb downwards.
There is a stone staircase leading up here.
Sigmund the Dreaded comes into view.
He is wielding a +0 scythe and carrying a wand of flame (20).
Sigmund shouts!
Sigmund casts a spell at you.
You are confused.
Sigmund is nearby!
Sigmund is nearby!
You bump into the rock wall.
A giant cockroach comes into view.
A frilled lizard comes into view.
Sigmund zaps a wand.
The puff of flame hits you but does no damage.
You bump into the rock wall.
The frilled lizard hisses angrily.
Sigmund gestures wildly while chanting.
Sigmund flickers and vanishes!
Deactivating autopickup; reactivate with Ctrl-A.
You bump into the rock wall.
You feel less confused.
You hear a zap.
A puff of flame appears from out of thin air!
The puff of flame hits you!
You feel very mighty all of a sudden.
You hear a zap.
A puff of flame appears from out of thin air!
The puff of flame hits you!
You hear a zap.
A puff of flame appears from out of thin air!
The puff of flame hits you.
* * * LOW HITPOINT WARNING * * *
You hear a zap.
A puff of flame appears from out of thin air!
The puff of flame hits you!
* * * LOW HITPOINT WARNING * * *
You miss something.
You hear a zap.
A puff of flame appears from out of thin air!
The puff of flame hits you.
You die...

.......##
.......
......
#....#
#.... .l.
#B# #{#
#@# #.#
#.# #<#
#.# #.#
###


You could see a giant cockroach and a frilled lizard.

Vanquished Creatures
  A dart slug (D:1)
  4 endoplasms (D:1)
  3 goblins (D:1)
  A hobgoblin (D:1)
  4 jackals (D:1)
  5 kobolds (D:1)
  3 ball pythons (D:1)
  A bat (D:1)
  3 rats (D:1)
25 creatures vanquished.

Notes
Turn   | Place    | Note
-------+----------+-------------------------------------------
     0 | D:1      | Crownlay the Hill Orc Fighter began the quest for the Orb.
     0 | D:1      | Reached XP level 1. HP: 19/19 MP: 1/1
    85 | D:1      | Reached skill level 3 in Axes
   207 | D:1      | Reached XP level 2. HP: 10/26 MP: 2/2
   662 | D:1      | Reached skill level 4 in Axes
   664 | D:1      | Reached XP level 3. HP: 28/31 MP: 3/3
  1400 | D:2      | Noticed Sigmund
  1411 | D:2      | Killed from afar by Sigmund

Illustrated notes

Levels and vault maps discovered:
D:1:      sevenhm_arrival_forest_fort_large_2, layout_basic,
          minmay_misc_feat_alley
D:2:      layout_loops_ring, basic_ecumenical_altar, corexii_corridor_pit,
          kennysheep_donut, uniq_sigmund, uniq_robin

Skill      XL: |  1  2 |
---------------+-------+-----
Axes           | 3 4 |  4.2
Fighting       | |  3.6
Armour         | |  3.2
Shields        | |  3.7

Action                   || total
-------------------------++-------
Melee: War axe           ||    54
  Use: Potion            ||     1
Armor: Scale mail        ||    19
Dodge: Dodged            ||    21
Block: Buckler           ||    11

Table legend: (Time is in decaauts)
 A = Elapsed time spent in this place.
 B = Non-inter-level travel time spent in this place.
 C = Inter-level travel time spent in this place.
 D = Time resting spent in this place.
 E = Time spent auto-exploring this place.
 F = Levels seen in this place.
 G = Mean time per level.
                   A        B        C        D        E       F      G
               +--------+--------+--------+--------+--------+-----+--------+
         Total |   1428 |   1361 |     67 |      0 |   1181 |   2 |  714.0 |
       Dungeon |   1428 |   1361 |     67 |      0 |   1181 |   2 |  714.0 |
               +--------+--------+--------+--------+--------+-----+--------+

Top non-repeatable levels by time:
     D:1: 1415 daAuts
     D:2: 13 daAuts
